 Dungeon Crawl Stone Soup version 0.21.1-1-g345015f (webtiles) character file.

162843 phonetoosmall the Warrior (level 17, -13/216 HPs)
             Began as a Minotaur Berserker on Jan 15, 2018.
             Was a High Priest of Trog.
             Killed from afar by Mara (73 damage)
             ... with a bolt of fire
             ... on level 4 of the Shoals on Feb 18, 2018.
             The game lasted 03:22:52 (33070 turns).

phonetoosmall the Warrior (Minotaur Berserker)     Turns: 33070, Time: 03:22:53

Health: -13/216    AC: 27    Str: 31    XL:     17   Next: 22%
Magic:  21/21      EV: 13    Int:  4    God:    Trog [*****.]
Gold:   3140       SH: 19    Dex: 13    Spells: 16/16 levels left

rFire    . . .     SeeInvis +   a - +4 scimitar (flame)
rCold    . . .     Gourm    .   e - +1 shield
rNeg     . . .     Faith    .   N - +1 plate armour "Vixt" {MR+ Regen+} (curse)
rPois    .         Spirit   .   B - +2 hat
rElec    .         Reflect  +   (no cloak)
rCorr    .         Harm     .   Y - +0 pair of gloves
MR       ++++.                  A - +2 pair of boots {Fly}
Stlth    ..........             y - +3 amulet of reflection
HPRegen  0.86/turn              i - ring of protection from magic
MPRegen  0.17/turn              F - ring of see invisible

@: berserking, lethally poisoned (-13 -> -31), flying, very quick
A: retaliatory headbutt, horns 2, molten scales 1, frail 1, magic resistance 1,
subdued magic 1
a: Berserk, Trog's Hand, Brothers in Arms, Burn Spellbooks, Renounce Religion,
Stop Flying


You were on level 4 of the Shoals.
You worshipped Trog.
Trog was extremely pleased with you.
You were very hungry.

You visited 6 branches of the dungeon, and saw 29 of its levels.
You also visited: Labyrinth, Sewer, Ossuary, Bailey and Ice Cave.

You collected 3628 gold pieces.
You spent 488 gold pieces at shops.

Inventory:

Hand Weapons
 a - a +4 scimitar of flaming (weapon)
 b - a +5 blowgun
 W - a +1 antimagic falchion
Missiles
 f - a throwing net
 o - 19 javelins of returning (quivered)
 C - 76 poisoned needles
 L - 14 javelins of penetration
 M - 6 curare-tipped needles
 O - 8 needles of sleeping
 R - 7 needles of paralysis
Armour
 e - a +1 shield (worn)
 A - a +2 pair of boots of flying (worn)
 B - a +2 hat (worn)
 D - the +1 leather armour "Zayx" {rPois Regen+ MP+9 Stlth+}
   (You found it on level 13 of the Dungeon)

   It protects you from poison.
   It affects your magic capacity (+9).
   It increases your rate of regeneration.
   It makes you more stealthy.
 N - the cursed +1 plate armour "Vixt" (worn) {MR+ Regen+}
   (You found it on level 11 of the Dungeon)

   It affects your resistance to hostile enchantments.
   It increases your rate of regeneration.
   It has a curse placed upon it.
 Y - a +0 pair of gloves (worn)
Jewellery
 i - a ring of protection from magic (left hand)
 t - an uncursed ring of resist corrosion
 y - a +3 amulet of reflection (around neck)
 F - a ring of see invisible (right hand)
 P - a +3 ring of intelligence
 Z - an uncursed ring of protection from fire
Wands
 s - a wand of acid (25)
 u - a wand of paralysis (8)
 x - a wand of iceblast (37)
 z - a wand of clouds (3)
 Q - a wand of disintegration (23)
 U - a wand of digging (12)
 X - a wand of enslavement (14)
Scrolls
 g - 5 scrolls of enchant weapon
 h - 4 scrolls of remove curse
 k - 4 scrolls of blinking
 l - 8 scrolls of identify
 m - 3 scrolls of magic mapping
 p - 11 scrolls of teleportation
 G - 5 scrolls of fog
 K - 8 scrolls of enchant armour
 S - 2 scrolls of fear
Potions
 d - 3 potions of mutation
 j - 10 potions of curing
 n - 2 potions of magic
 q - 2 potions of cancellation
 r - 2 potions of heal wounds
 E - 2 potions of haste
 H - a potion of agility
 I - a potion of invisibility
Miscellaneous
 v - a phial of floods
 J - a lamp of fire
 T - 2 sacks of spiders
 V - a box of beasts
Comestibles
 c - 27 rations


   Skills:
 - Level 17.0 Fighting
 - Level 15.8 Long Blades
 + Level 11.3 Throwing
 - Level 15.1 Armour
 - Level 9.0 Dodging
 - Level 15.0 Shields
 - Level 7.0 Unarmed Combat
 - Level 7.4 Evocations


You had 16 spell levels left.
You didn't know any spells.

Dungeon Overview and Level Annotations

Branches:
Dungeon (15/15)            Temple (1/1) D:7            Lair (6/6) D:8
 Shoals (4/4) Lair:3        Snake (0/4) Lair:2        Slime (0/5) Lair:6
    Orc (2/2) D:11            Elf (1/3) Orc:2        Vaults (0/5) D:14
 Depths (0/5) D:15

Altars:
Ashenzari
Cheibriados
Dithmenos
Elyvilon
Fedhas
Gozag
Hepliaklqana
Kikubaaqudgha
Makhleb
Nemelex Xobeh
Okawaru
Qazlal
Ru
Sif Muna
Trog
Uskayaw
Vehumet
Wu Jian
Xom
Yredelemnul
Zin
The Shining One
Beogh
Jiyva

Shops:
D:5 *   D:7 %   D:12 (   D:15 =   Orc:2 *([[}   Shoals:2 *   Shoals:4 [

Portals:
Trove: D:13 (give 18 scrolls of identify)

Annotations:
Shoals:4 Mara
Elf:1 Asterion, Kirke


Innate Abilities, Weirdness & Mutations

You reflexively headbutt those who attack you in melee.
You have a pair of horns on your head.
You are partially covered in molten scales. (AC +2)
You are frail. (-10% HP)
You are resistant to hostile enchantments. (MR+)
Your spells are a little easier to cast, but a little less powerful.


Message History

Mara misses you.
You riposte.
You miss Mara. Mara barely misses you.
You riposte.
You barely miss Mara. You headbutt Mara!
Mara is heavily wounded.
Mara blinks!
You slash Mara! You burn Mara. You headbutt Mara!
Mara is severely wounded.
You feel sick.
You miss Mara. You headbutt Mara, but do no damage.
Mara is severely wounded.
You feel sick. Phonetoosmall's illusion hits you!
Phonetoosmall's illusion burns you.
Your stone giant barely misses Mara.
You barely miss Mara. You headbutt Mara.
Mara is severely wounded.
You feel sick. Phonetoosmall's illusion hits you!
* * * LOW HITPOINT WARNING * * *
Phonetoosmall's illusion burns you.
* * * LOW HITPOINT WARNING * * *
Mara gestures at you. The bolt of fire hits you!
You die...

≈≈....<..........#..≈≈≈≈≈≈≈≈≈≈≈≈≈
≈≈..∩.........?......≈≈≈≈≈≈≈≈≈≈≈≈
≈≈≈.................≈≈≈≈
≈≈≈................≈≈≈≈≈
#≈≈.........R......≈≈≈≈≈
#≈≈.................≈≈≈≈
#≈≈..######.##.......≈≈≈ #≈≈≈#.
###...@.....≈≈ #≈≈# #
#...@R....≈≈ #≈# #...CR.....≈ #≈
#.....[....≈ #..........≈
#..........# #........?#≈
#........#.≈ .≈......#..≈


You could see 3 Maras, phonetoosmall's illusion (berserk) and a friendly stone
giant (berserk).

Vanquished Creatures
  The ghost of aspa the Archmage, an adept DEWz of Sif Muna (Shoals:2)
  Aizul (Orc:2)
  Snorg (D:10)
  2 merfolk javelineers
  6 merfolk impalers
  A yaktaur captain (D:15)
  A minotaur (Lab)
  Josephine (D:15)
  The ghost of pk666 the Eclecticist, a journeyman DEWz of Vehumet (Lair:6)
  3 merfolk avatars
  4 centaur warriors
  Erica (D:7)
  An alligator snapping turtle (Shoals:3)
  8 hydras
  5 two-headed ogres
  A dancing weapon (Elf:1)
  3 merfolk aquamancers
  4 satyrs
  2 tengu warriors (D:14)
  An ogre mage (D:11)
  The ghost of Canard the Zephyrmancer, a novice TeAE of Vehumet (D:9)
  3 orc high priests (Orc:2)
  Nergalle (D:10)
  9 skeletal warriors
  3 deep elf knights (Elf:1)
  8 sea snakes
  2 unseen horrors
  A wizard (D:15)
  2 deep elf archers
  A lindwurm (Lair:4)
  14 deep elf magi
  6 harpies
  9 orc knights
  4 orc sorcerers
  8 ugly things
  6 fauns
  7 merfolk sirens
  14 manticores
  A cyclops (D:14)
  16 elephants
  A black mamba (shapeshifter) (D:15)
  An ice statue (IceCv)
  2 black mambas
  26 spiny frogs
  4 water nymphs
  4 gargoyles
  Joseph (D:8)
  7 komodo dragons
  A torpor snail (Lair:2)
  An efreet (D:15)
  2 kobold demonologists
  4 rime drakes
  A queen bee (Lair:3)
  10 trolls
  3 wind drakes
  22 merfolk
  4 polar bears
  4 tyrant leeches (Lair:6)
  2 hornets
  12 hippogriffs
  9 dream sheep
  4 slime creatures
  A hippogriff (shapeshifter) (D:15)
  8 snapping turtles
  22 blink frogs
  6 wyverns
  A vampire (D:12)
  2 air elementals (Elf:1)
  9 wraiths
  3 shadows
  A wyvern (shapeshifter) (D:15)
  11 water elementals
  44 yaks
  Eustachio (D:5)
  6 vampire mosquitoes (Lair:6)
  4 basilisks
  4 hungry ghosts (Lab)
  A steam dragon (D:9)
  3 wargs
  A soldier ant (shapeshifter) (D:13)
  14 water moccasins
  Edmund (D:4)
  3 porcupines
  9 ice beasts
  A black bear (D:13)
  2 hornet zombies (D:11)
  35 orc warriors
  4 phantoms
  A necrophage (D:9)
  5 sky beasts
  22 wolves
  13 ogres
  14 centaurs
  7 big kobolds
  9 crocodiles
  41 bullfrogs
  A wyvern zombie (D:11)
  4 scorpions
  26 killer bees
  16 wights
  5 electric eels
  2 howler monkeys
  2 bullfrog zombies
  5 crimson imps
  A quasit (D:11)
  2 human zombies (Ossuary)
  10 centaur zombies
  2 jellies
  8 centaur skeletons
  8 hounds
  16 orc wizards
  32 orc priests
  A bullfrog skeleton (D:13)
  A gnoll shaman (D:5)
  17 worker ants
  5 iguanas
  A hound skeleton (D:7)
  3 mummies (Ossuary)
  3 worker ant zombies
  A howler monkey zombie (D:11)
  3 gnolls (D:5)
  A howler monkey skeleton (D:10)
  12 adders
  2 river rats (D:5)
  6 shadow imps
  3 oozes (Sewer)
  4 adder zombies
  6 worms
  2 dart slugs
  8 leopard geckos
  111 orcs
  5 bats
  5 giant cockroaches
  11 goblins
  13 hobgoblins
  17 jackals
  5 quokkas
  2 ball pythons
  3 frilled lizards (D:3)
  A giant cockroach zombie (D:6)
  4 goblin zombies (Ossuary)
  4 hobgoblin zombies (Ossuary)
  2 jackal zombies (Ossuary)
  32 kobolds
  4 kobold zombies (Ossuary)
  A leopard gecko skeleton (D:4)
  4 orc zombies (Ossuary)
  4 quokka zombies
  13 rats
  4 rat zombies (Ossuary)
  A fungus (Lair:6)
  3 plants
1066 creatures vanquished.

Vanquished Creatures (collateral kills)
  Ilsuiw (Shoals:4)
  A merfolk impaler (Shoals:4)
  A hydra (D:15)
  A dancing weapon (Elf:1)
  2 orc high priests (Orc:2)
  2 orc knights (Orc:2)
  3 ugly things
  An ice statue (IceCv)
  A merfolk siren (Shoals:4)
  A kobold demonologist (D:13)
  2 yaks (D:13)
  9 orc warriors (Orc:2)
  An ice beast (IceCv)
  A scorpion (D:7)
  4 killer bees
  A crimson imp (D:15)
  An orc wizard (D:15)
  An orc priest (Orc:2)
  An adder zombie (D:7)
  4 orcs
39 creatures vanquished.

Vanquished Creatures (others)
  2 manticores
  A cyclops (Shoals:3)
  An orc warrior (Orc:1)
  4 centaurs
  17 fungi
  44 plants
69 creatures vanquished.

Grand Total: 1174 creatures vanquished

Notes
Turn   | Place    | Note
-------+----------+-------------------------------------------
     0 | D:1      | phonetoosmall the Minotaur Berserker began the quest for the Orb.
     0 | D:1      | Reached XP level 1. HP: 19/19 MP: 0/0
   276 | D:1      | Reached XP level 2. HP: 24/26 MP: 1/1
   448 | D:1      | Reached skill level 5 in Long Blades
   779 | D:1      | Reached XP level 3. HP: 27/31 MP: 2/2
  1157 | D:2      | Reached ** piety under Trog
  1308 | D:2      | Found a stormy altar of Qazlal.
  1712 | D:3      | Reached XP level 4. HP: 33/39 MP: 3/3
  1758 | D:3      | Reached skill level 1 in Shields
  2083 | D:3      | Noticed an ogre
  2086 | D:3      | Killed an ogre
  2086 | D:3      | Reached XP level 5. HP: 45/45 MP: 4/4
  2556 | D:4      | Found a hazy altar of Hepliaklqana.
  2662 | D:4      | Reached *** piety under Trog
  2667 | D:4      | Reached XP level 6. HP: 39/51 MP: 5/5
  2697 | D:4      | Upgraded the game from 0.21.0-3-g78d12a8 to 0.21.0-22-g11d5b52
  2996 | D:4      | Noticed Edmund
  3005 | D:4      | Killed Edmund
  3005 | D:4      | Reached skill level 5 in Shields
  3035 | D:4      | Reached XP level 7. HP: 52/57 MP: 6/6
  3084 | D:4      | Reached skill level 4 in Fighting
  3862 | D:5      | Entered Level 5 of the Dungeon
  3985 | D:5      | Found a sand-covered staircase.
  3989 | Ossuary  | Entered an ossuary
  4014 | Ossuary  | Upgraded the game from 0.21.0-22-g11d5b52 to 0.21.0-25-ge575cb9
  4101 | Ossuary  | Reached **** piety under Trog
  4389 | D:5      | Found a glowing drain.
  4393 | D:5      | Reached skill level 10 in Long Blades
  4413 | Sewer    | Entered a sewer
  4432 | Sewer    | Upgraded the game from 0.21.0-25-ge575cb9 to 0.21.1-1-g345015f
  4563 | Sewer    | Reached XP level 8. HP: 66/66 MP: 7/7
  4763 | Sewer    | Gained mutation: Your body sometimes deteriorates upon taking damage. [potion of mutation]
  4763 | Sewer    | Gained mutation: Armour fits poorly on your strangely shaped body. [potion of mutation]
  4763 | Sewer    | Gained mutation: Your natural rate of healing is unusually fast. [potion of mutation]
  4765 | Sewer    | Lost mutation: Your body sometimes deteriorates upon taking damage. [potion of mutation]
  4765 | Sewer    | Gained mutation: You occasionally shout uncontrollably at your foes. [potion of mutation]
  4765 | Sewer    | Gained mutation: You passively map a small area around you. [potion of mutation]
  4831 | D:5      | Noticed Eustachio
  4857 | D:5      | Killed Eustachio
  5089 | D:5      | Received a gift from Trog
  5482 | D:5      | Found Nasapn's Assorted Antiques.
  6396 | D:7      | Found Zidemouch's Food Boutique.
  6416 | D:7      | Received a gift from Trog
  6416 | D:7      | Reached XP level 9. HP: 36/71 MP: 8/8
  6456 | D:7      | Found a staircase to the Ecumenical Temple.
  6463 | D:7      | Found a flagged portal.
  6490 | Bailey   | Entered a bailey
  6639 | Bailey   | Noticed an orc knight
  6666 | Bailey   | Killed an orc knight
  6668 | Bailey   | Reached skill level 5 in Throwing
  6798 | Bailey   | Found a burning altar of Makhleb.
  7634 | Temple   | Entered the Ecumenical Temple
  7837 | D:8      | Noticed Joseph
  7869 | D:9      | Lost mutation: Your natural rate of healing is unusually fast. [potion of mutation]
  7869 | D:9      | Lost mutation: You occasionally shout uncontrollably at your foes. [potion of mutation]
  7869 | D:9      | Lost mutation: You passively map a small area around you. [potion of mutation]
  7869 | D:9      | Lost mutation: Armour fits poorly on your strangely shaped body. [potion of mutation]
  7869 | D:9      | Gained mutation: Armour fits poorly on your strangely shaped body. [potion of mutation]
  7869 | D:9      | Gained mutation: You are partially covered in molten scales. (AC +2) [potion of mutation]
  7869 | D:9      | Gained mutation: Your flesh is heat resistant. (rF+) [potion of mutation]
  8190 | D:8      | Noticed Erica
  8347 | D:8      | Noticed a two-headed ogre
  8409 | D:7      | Killed Erica
  8409 | D:7      | Received a gift from Trog
  8446 | D:8      | Reached XP level 10. HP: 67/78 MP: 9/9
  8524 | D:8      | Killed a two-headed ogre
  8673 | D:8      | Found a snail-covered altar of Cheibriados.
  8742 | D:8      | Killed Joseph
  8992 | D:8      | Found a staircase to the Lair.
  8998 | D:8      | Received a gift from Trog
  9056 | D:8      | Noticed an angel
  9057 | D:8      | Found a glowing silver altar of Zin.
  9075 | D:9      | Reached skill level 5 in Armour
  9264 | D:9      | Noticed Canard's ghost (novice TeAE)
  9678 | D:9      | Found a shimmering altar of Xom.
  9678 | D:9      | Found a hide-covered altar of Uskayaw.
  9853 | D:9      | Received a gift from Trog
  9902 | D:9      | Killed Canard's ghost
  9902 | D:9      | Reached XP level 11. HP: 56/84 MP: 10/10
 10154 | D:9      | Found a deep blue altar of Sif Muna.
 10282 | D:10     | Entered Level 10 of the Dungeon
 10373 | D:10     | Noticed a deep elf mage
 10466 | Lair:1   | Entered Level 1 of the Lair of Beasts
 10689 | Lair:1   | Reached skill level 5 in Dodging
 10711 | Lair:1   | Reached skill level 1 in Unarmed Combat
 11017 | Lair:1   | Reached skill level 5 in Fighting
 11343 | Lair:2   | Reached skill level 6 in Fighting
 11448 | Lair:2   | Reached ***** piety under Trog
 11513 | Lair:2   | Found a staircase to the Snake Pit.
 11650 | Lair:2   | Reached skill level 7 in Fighting
 11757 | Lair:2   | Reached skill level 8 in Fighting
 12370 | Lair:2   | Reached skill level 1 in Evocations
 12540 | Lair:3   | Received a gift from Trog
 12717 | Lair:3   | Noticed a seven-headed hydra
 12733 | Lair:3   | Killed a six-headed hydra
 12733 | Lair:3   | Reached skill level 5 in Evocations
 12733 | Lair:3   | Reached XP level 12. HP: 102/102 MP: 14/14
 12787 | Lair:3   | Noticed a seven-headed hydra
 12796 | Lair:3   | Killed a three-headed hydra
 13088 | Lair:3   | Found a staircase to the Shoals.
 13424 | Lair:4   | Reached skill level 9 in Fighting
 13553 | Lair:4   | Noticed a four-headed hydra
 13563 | Lair:4   | Killed a one-headed hydra
 13726 | Lair:4   | Reached skill level 10 in Fighting
 13876 | Lair:4   | Received a gift from Trog
 14225 | Lair:4   | Reached skill level 10 in Armour
 14233 | Lair:4   | Received a gift from Trog
 14367 | Lair:4   | Reached XP level 13. HP: 110/113 MP: 17/17
 15598 | Lair:5   | You fall through a shaft!
 15598 | Lair:6   | Entered Level 6 of the Lair of Beasts
 15601 | Lair:6   | Noticed pk666's ghost (journeyman DEWz)
 15610 | Lair:6   | Killed pk666's ghost
 15640 | Lair:6   | Reached skill level 10 in Shields
 15687 | Lair:6   | Found a viscous altar of Jiyva.
 15687 | Lair:6   | Found a staircase to the Slime Pits.
 15690 | Lair:6   | Found a labyrinth entrance.
 15723 | Lab      | Entered a labyrinth
 16141 | Lab      | Found an exit through the horrors of the Abyss.
 16305 | Lab      | Noticed a minotaur
 16310 | Lab      | Killed a minotaur
 16320 | Lab      | Identified the Catalogue of Toxins and Transformation
 16327 | Lab      | Received a gift from Trog
 16786 | Lair:6   | Received a gift from Trog
 16960 | Lair:5   | Reached XP level 14. HP: 102/121 MP: 18/18
 17620 | Lair:6   | Received a gift from Trog
 18320 | D:10     | Noticed Snorg
 18325 | D:10     | Killed Snorg
 18796 | D:10     | Noticed Nergalle
 18811 | D:10     | Killed Nergalle
 19017 | D:10     | Reached skill level 15 in Shields
 19115 | D:10     | Found a burning altar of Makhleb.
 19170 | D:10     | Reached ****** piety under Trog
 19997 | D:11     | Received a gift from Trog
 20200 | D:11     | Reached skill level 11 in Fighting
 20495 | D:11     | Got a heavily runed plate armour
 20496 | D:11     | Identified the cursed +1 plate armour "Vixt" {MR+ Regen+} (You found it on level 11 of the Dungeon)
 20524 | D:11     | Reached skill level 12 in Fighting
 20877 | D:11     | Found a blossoming altar of Fedhas.
 20903 | D:11     | Got spiked ice dragon scales
 20908 | D:11     | Identified the +1 ice dragon scales of Vainn {rF- rC++ Str+2} (You took it off a centaur on level 11 of the Dungeon)
 20926 | D:11     | Found a roughly hewn altar of Beogh.
 20926 | D:11     | Found a staircase to the Orcish Mines.
 21598 | D:13     | Received a gift from Trog
 21619 | D:13     | Reached skill level 13 in Fighting
 21846 | D:13     | Got a polished leather armour
 21850 | D:13     | Identified the +1 leather armour "Zayx" {rPois Regen+ MP+9 Stlth+} (You found it on level 13 of the Dungeon)
 21915 | D:13     | Found a portal to a secret trove of treasure.
 22121 | D:12     | Reached skill level 14 in Fighting
 22342 | D:12     | Received a gift from Trog
 22436 | D:12     | Found Umnumom's Antique Weapon Shop.
 22990 | Orc:1    | Entered Level 1 of the Orcish Mines
 22996 | Orc:1    | Received a gift from Trog
 23201 | Orc:2    | Entered Level 2 of the Orcish Mines
 23209 | Orc:2    | Reached XP level 15. HP: 138/139 MP: 19/19
 23236 | Orc:2    | Found Zivischue's Assorted Antiques.
 23298 | Orc:2    | Found a staircase to the Elven Halls.
 23310 | Orc:2    | Found a frozen archway.
 23338 | IceCv    | Entered an ice cave
 23351 | IceCv    | Found a transporter.
 23380 | IceCv    | Reached skill level 15 in Fighting
 23941 | Orc:2    | Received a gift from Trog
 23959 | Orc:2    | Got a dazzling demon trident {god gift}
 24016 | Orc:2    | Paralysed by a chaos spawn for 6 turns
 24547 | Orc:2    | Reached skill level 16 in Fighting
 24554 | Orc:2    | Found Taapafas's Antique Armour Boutique.
 24554 | Orc:2    | Found Osep's Weapon Boutique.
 24555 | Orc:2    | Found Acupan's Gadget Boutique.
 24555 | Orc:2    | Found Muosoh's Antique Armour Shop.
 24565 | Orc:2    | Bought a pair of boots for 144 gold pieces
 24854 | Orc:1    | Found a roughly hewn altar of Beogh.
 25445 | D:14     | Gained mutation: Your spells are a little easier to cast, but a little less powerful. [a neqoxec]
 25446 | D:14     | Gained mutation: You are dopey. (Int -2) [a neqoxec]
 25550 | D:14     | Received a gift from Trog
 25731 | D:14     | Reached skill level 5 in Unarmed Combat
 25845 | D:14     | Lost mutation: Armour fits poorly on your strangely shaped body. [potion of mutation]
 25845 | D:14     | Lost mutation: You are dopey. (Int -2) [potion of mutation]
 25845 | D:14     | Lost mutation: Your flesh is heat resistant. (rF+) [potion of mutation]
 25845 | D:14     | Gained mutation: You are frail. (-10% HP) [potion of mutation]
 25845 | D:14     | Gained mutation: You are resistant to hostile enchantments. (MR+) [potion of mutation]
 26084 | D:14     | Found a gate to the Vaults.
 26504 | D:15     | Entered Level 15 of the Dungeon
 26505 | D:15     | Found Hyuwet's Jewellery Emporium.
 26895 | D:15     | Noticed Josephine
 26903 | D:15     | Killed Josephine
 27115 | D:15     | Reached XP level 16. HP: 135/136 MP: 20/20
 27136 | D:15     | Found a shimmering altar of Xom.
 27235 | D:15     | Found a staircase to the Depths.
 27381 | D:15     | Received a gift from Trog
 27381 | D:15     | Reached skill level 15 in Long Blades
 27882 | Elf:1    | Entered Level 1 of the Elven Halls
 27882 | Elf:1    | Noticed Aizul
 27896 | Orc:2    | Killed Aizul
 28086 | Elf:1    | Received a gift from Trog
 28300 | Elf:1    | Noticed Asterion
 28627 | Elf:1    | Noticed Kirke
 29181 | Shoals:1 | Entered Level 1 of the Shoals
 30607 | Shoals:2 | Found Jinicugg's Assorted Antiques.
 30643 | Shoals:2 | Reached skill level 10 in Throwing
 30723 | Shoals:2 | Noticed aspa's ghost (adept DEWz)
 30766 | Shoals:2 | Killed aspa's ghost
 30920 | Shoals:2 | Received a gift from Trog
 31251 | Shoals:3 | Reached skill level 17 in Fighting
 31716 | Shoals:3 | Reached skill level 15 in Armour
 31870 | Shoals:3 | Received a gift from Trog
 32215 | Shoals:4 | Entered Level 4 of the Shoals
 32215 | Shoals:4 | Found Tan Guan's Armour Boutique.
 32220 | Shoals:4 | Reached XP level 17. HP: 144/144 MP: 21/21
 32221 | Shoals:4 | Noticed Ilsuiw
 32508 | Shoals:4 | Received a gift from Trog
 32613 | Shoals:4 | Killed Ilsuiw
 33039 | Shoals:4 | Bought a +2 pair of boots of flying for 344 gold pieces
 33057 | Shoals:4 | Noticed Mara
 33065 | Shoals:4 | Noticed phonetoosmall's illusion
 33070 | Shoals:4 | Killed from afar by Mara

Skill      XL: |  1  2  3  4  5  6  7  8  9 10 11 12 13 14 15 16 17 |
---------------+----------------------------------------------------+-----
Long Blades    | 4 5 6 7 8 10 12 13 14 15 | 15.8
Shields        | 2 3 5 9 13 15 | 15.0
Fighting       | 4 8 10 14 16 17 | 17.0
Throwing       | 4 7 8 11 | 11.3
Armour         | 9 10 12 13 15 | 15.1
Dodging        | 5 6 7 9 |  9.0
Unarmed Combat | 3 7 |  7.0
Evocations     | 5 7 |  7.4

Action                   |  1- 3 |  4- 6 |  7- 9 | 10-12 | 13-15 | 16-18 || total
-------------------------+-------+-------+-------+-------+-------+-------++-------
Melee: Falchion          |    90 |   112 |   491 |       |       |       ||   693
       Headbutt          |    14 |    21 |   111 |   139 |   402 |   178 ||   865
       Short sword       |       |       |    14 |       |       |       ||    14
       Scimitar          |       |       |     1 |   580 |  1656 |   613 ||  2850
       Long sword        |       |       |       |       |       |     9 ||     9
 Fire: Blowgun           |       |       |    28 |       |       |    14 ||    42
Throw: Javelin           |       |     2 |    10 |       |       |   174 ||   186
       Tomahawk          |       |       |    27 |    60 |   160 |    54 ||   301
Invok: Berserk           |     2 |     2 |     9 |     4 |    13 |     2 ||    32
       Burn Spellbooks   |       |     1 |     1 |     1 |     6 |     1 ||    10
       Brothers in Arms  |       |       |     4 |     1 |     5 |     8 ||    18
       Trog's Hand       |       |       |     1 |     3 |     2 |     3 ||     9
Evoke: Wand              |       |       |       |       |     1 |     1 ||     2
  Use: Potion            |     2 |       |     9 |     2 |     3 |     6 ||    22
       Scroll            |     1 |     4 |    10 |     2 |    11 |     7 ||    35
 Stab: Distracted        |       |       |       |       |     3 |       ||     3
  Eat: Chunk             |     3 |     7 |    18 |    25 |    38 |    11 ||   102
       Ration            |       |       |     3 |       |     8 |     4 ||    15
Armor: Animal skin       |    10 |       |       |       |       |       ||    10
       Ring mail         |    12 |    27 |    68 |    16 |       |       ||   123
       Plate armour      |       |       |       |   160 |   396 |   174 ||   730
Dodge: Dodged            |    57 |    28 |   130 |   127 |   305 |   149 ||   796
Block: Shield            |    15 |    59 |   195 |   295 |  1086 |   494 ||  2144
       Reflection        |       |       |       |       |    59 |    72 ||   131
       Rpst.: Falchion   |     7 |     7 |    33 |       |       |       ||    47
       Scimitar          |       |       |       |    34 |    70 |    32 ||   136
       Long sword        |       |       |       |       |       |     3 ||     3
